AoeStats
← Olainas

Pilgrims

508980682Analyzed
4v4 RM · 6d ago on Sep 24, 2026· 31m 42s· 8 players
Game mode
Random Map
Map size
Large (8 player)
Population
200
Speed
Normal
Resources
Standard
Victory
Conquest
Starting age
Dark Age
Ending age
Imperial Age
RankedLock teamsTeams togetherTeam positionsShared explorationLock speedFull tech treeHidden civsTurbo modeCheats
Victory
Defeat
🇻🇪 Magyars · Venezuela
960
+13
🇬🇧 Armenians · United Kingdom
905
+15
🇺🇸 Sicilians · United States
857
+17
🇩🇪 Varangians · Germany
829
+18
🇺🇸 Huns · United States
972
-19
🇦🇷 Berbers · Argentina
897
-16
🇦🇷 Maya · Argentina
843
-14
🇺🇸 Vikings · United States
843
-14
FlorgeJoyd
7:13 Loom
10:40 Feudal Age
11:46 Double-Bit Axe
12:31 Bloodlines
13:14 Horse Collar
13:48 Forging
20:40 Castle Age
20:26 Scale Barding Armor
22:13 Iron Casting
22:55 Chain Barding Armor
24:23 Husbandry
24:41 Heavy Plow
24:55 Bow Saw
25:22 Wheelbarrow
26:50 Hand Cart
29:00 Fletching
29:41 Bodkin Arrow
keager241
3:10 Loom
10:35 Feudal Age
11:02 Fishing Lines
11:38 Double-Bit Axe
17:37 Castle Age
16:50 Forging
16:41 Scale Mail Armor
18:34 Gold Mining
18:34 Stone Mining
18:19 Man-at-Arms
19:06 Gillnets
19:37 Bow Saw
19:33 Long Swordsman
20:20 Squires
24:21 Medium Warships
28:42 Iron Casting
28:12 Scale Barding Armor
28:54 Ballistics
30:05 Medium Warships
Olainas
8:50 Loom
13:02 Feudal Age
12:39 Loom
13:38 Fishing Lines
14:00 Double-Bit Axe
21:15 Fletching
22:37 Forging
22:30 Padded Archer Armor
24:54 Castle Age
25:42 Scale Barding Armor
25:38 Scale Mail Armor
26:32 Husbandry
26:47 Bow Saw
28:21 Bloodlines
27:31 Light Cavalry
30:19 Squires
30:15 Gillnets
leaton37
11:55 Feudal Age
15:03 Double-Bit Axe
23:16 Castle Age
nathanst1996
12:24 Feudal Age
10:40 Loom
16:57 Scale Mail Armor
17:08 Forging
18:14 Arson
20:09 Padded Archer Armor
19:56 Horse Collar
20:03 Double-Bit Axe
20:13 Gold Mining
20:14 Stone Mining
24:39 Wheelbarrow
28:51 Castle Age
29:08 Pikeman
29:34 Gambesons
31:36 Crossbowman
the King
12:27 Loom
14:12 Feudal Age
20:15 Castle Age
18:31 Fishing Lines
18:41 Double-Bit Axe
18:40 Horse Collar
24:37 Corvinian Army
24:54 Gillnets
25:00 Pikeman
34:12 Imperial Age
Done
6:40 Loom
16:05 Feudal Age
16:34 Town Watch
18:18 Fishing Lines
23:34 Castle Age
23:24 Double-Bit Axe
23:31 Gold Mining
24:08 Gillnets
24:51 Scale Barding Armor
25:13 Medium Warships
28:35 Wheelbarrow
28:55 Chain Barding Armor
28:46 Forging
32:01 Iron Casting
TrueCrime
4:02 Loom
14:04 Feudal Age
18:06 Castle Age
16:04 Horse Collar
19:05 Stone Mining
19:54 Wheelbarrow
Connection lost

Rejoining the realm…

Still unreachable

The connection could not be restored.

Session expired

The server has moved on; the page needs a fresh start.